Map: Interloper LE

Players

uThermal - Winner!

  • Race: Terran Terran
  • Spawn Location: 5:00

JonSnow

  • Race: Zerg Zerg
  • Spawn Location: 11:00

Event: WCS Montreal 2017

VOD

Have the link to the VOD?

Description

Time

  • Played on: Sept. 8, 2017, 5:33 p.m.
  • Length: 14:18

All games in this series

Show
View Real Time Build Order
Export as new Build Order

uThermal Terran - Winner!

Build Orders: Reaper Expand, Mech 

Get SALT Encoding   

  12  0:02  SCV  
  13  0:14  SCV  
  14  0:18  Supply Depot  
  14  0:26  SCV  
  15  0:40  SCV  
  15  0:41  Barracks  
  16  0:45  Refinery  
  16  0:52  SCV  
  17  1:04  SCV  
  18  1:16  SCV  
  19  1:28  Orbital Command, Reaper  
  20  1:41  Command Center  
  20  1:52  Supply Depot  
  20  1:54  SCV  
  21  2:00  Marine  
  22  2:06  SCV  
  23  2:09  Factory  
  23  2:15  Refinery  
  23  2:17  Marine  
  23  2:19  SCV  
  25  2:31  SCV  
  25  2:41  Barracks Reactor  
  25  2:43  SCV  
  25  2:54  Starport  
  25  2:55  SCV, Widow Mine  
  28  3:07  SCV  
  29  3:13  Orbital Command  
  29  3:19  Marine x2, SCV  
  32  3:25  Factory Tech Lab  
  32  3:31  Medivac, SCV  
  32  3:32  Supply Depot  
  35  3:37  Marine  
  35  3:40  SCV  
  37  3:43  SCV  
  37  3:44  Marine  
  37  3:45  Supply Depot  
  39  3:49  Siege Tank  
  39  3:54  SCV  
  39  3:55  Marine, SCV  
  44  4:02  Medivac  
  47  4:07  SCV  
  47  4:09  Supply Depot  
  48  4:14  Marine, SCV  
  50  4:19  Marine  
  51  4:25  Siege Tank  
  51  4:28  SCV x2  
  56  4:32  Marine  
  56  4:34  Supply Depot  
  57  4:40  SCV  
  57  4:41  Medivac  
  57  4:45  SCV  
  61  4:48  Command Center, Marine  
  62  4:54  SCV  
  62  4:56  Supply Depot  
  62  4:57  SCV  
  62  4:58  Marine  
  64  5:06  Siege Tank  
  67  5:07  Marine  
  67  5:08  SCV  
  69  5:14  SCV  
  69  5:20  Refinery  
  69  5:21  SCV, Refinery  
  71  5:27  SCV  
  72  5:33  SCV  
  73  5:39  SCV  
  74  5:45  Armory x2, SCV  
  79  5:50  Hellion x2  
  79  5:51  SCV  
  80  5:57  SCV  
  80  6:01  Orbital Command  
  80  6:03  SCV  
  82  6:09  SCV  
  87  6:11  Starport Tech Lab, Hellion x2  
  87  6:15  Factory x2, SCV  
  86  6:21  SCV  
  87  6:27  SCV  
  90  6:32  Hellion  
  90  6:33  Terran Vehicle And Ship Armor Level 1, Terran Vehicle Weapons Level 1  
  90  6:34  SCV  
  90  6:39  SCV  
  90  6:40  Starport Reactor  
  90  6:46  SCV, Hellion  
  93  6:51  Supply Depot, SCV  
  93  6:54  Supply Depot  
  93  6:55  Supply Depot  
  93  6:58  SCV  
  90  7:03  SCV  
  90  7:08  Siege Tank x2  
  94  7:10  SCV  
  94  7:15  SCV, Hellion x2  
  99  7:22  SCV  
  101  7:26  Orbital Command, Factory  
  101  7:28  SCV  
  101  7:34  SCV  
  101  7:36  Hellion  
  104  7:38  Viking  
  104  7:39  Factory  
  104  7:40  Siege Tank, SCV  
  104  7:42  Siege Tank  
  113  7:46  SCV  
  112  7:52  Hellion  
  112  7:57  Supply Depot  
  108  8:00  Engineering Bay, Refinery  
  108  8:03  Supply Depot  
  108  8:10  Factory Tech Lab, Refinery  
  108  8:11  Viking  
  108  8:12  Viking  
  112  8:19  Siege Tank, Hellion  
  117  8:27  Supply Depot  
  117  8:28  Supply Depot, Hellion  
  117  8:31  Terran Vehicle Weapons Level 2, Supply Depot  
  121  8:40  Siege Tank, Hellion  
  126  8:46  Factory Reactor  
  126  8:47  Hellion  
  126  8:51  Siege Tank  
  126  8:53  Hellion  
  127  9:00  Viking x2, Command Center  
  129  9:03  Hellion  
  129  9:09  Hellion  
  131  9:10  Missile Turret  
  131  9:12  Siege Tank  
  131  9:15  Hellion  
  131  9:16  Supply Depot  
  132  9:23  Siege Tank  
  135  9:25  Infernal Pre-Igniter  
  135  9:29  Hellion  
  135  9:30  Viking  
  135  9:31  Command Center  
  139  9:33  Hellion  
  139  9:36  Hellion x2  
  145  9:39  Hellion  
  145  9:42  Viking  
  145  9:44  Hellion  
  151  9:50  Hellion  
  151  9:51  Liberator  
  153  9:55  Liberator, Siege Tank  
  153  9:56  Hellion  
  156  10:03  Siege Tank, Hellion  
  156  10:05  Supply Depot, Hellion  
  169  10:20  Siege Tank, Hellion  
  174  10:23  Hellion  
  174  10:27  Siege Tank, Hellion  
  181  10:35  Siege Tank, Hellion  
  177  10:41  Hellion  
  179  10:44  Hellion  
  177  10:50  Terran Vehicle And Ship Armor Level 2  
  177  10:52  Siege Tank, Hellion  
  177  10:56  Liberator, Hellion  
  166  10:58  Planetary Fortress  
  166  11:00  Hellion  
  166  11:01  Liberator  
  166  11:03  Hellion  
  159  11:05  Hellion  
  159  11:08  Hellion  
  161  11:13  Hellion  
  161  11:18  Hellion  
  166  11:21  Hellion  
  166  11:24  Hellion  
  166  11:25  Hellion  
  175  11:28  Hellion  
  175  11:32  Hellion  
  174  11:39  Hellion  
  176  11:41  Hellion  
  176  11:42  Siege Tank  
  176  11:45  Hellion  
  176  11:46  Siege Tank  
  186  11:51  Hellion  
  186  11:53  Siege Tank  
  189  12:01  Hellion  
  189  12:02  Hellion  
  189  12:07  Hellion  
  169  12:12  Hellion  
  169  12:14  Siege Tank  
  160  12:19  Hellion  
  160  12:22  Hellion  
  151  12:23  Hellion  
  151  12:25  Siege Tank  
  151  12:28  Hellion  
  151  12:29  Planetary Fortress  
  156  12:33  Hellion  
  156  12:38  Hellion x12  
  156  12:40  Siege Tank  
  156  12:43  Hellion  
  161  12:45  Hellion  
  161  12:47  Siege Tank  
  161  12:49  Hellion  
  166  12:55  Hellion  
  166  12:57  Siege Tank  
  162  13:05  Hellion  
  164  13:06  Hellion  
  164  13:11  Hellion  
  164  13:12  Siege Tank  
  171  13:16  Hellion  
  171  13:19  Siege Tank  
  172  13:26  Hellion  
  170  13:28  Hellion  
  170  13:29  Siege Tank  
  170  13:32  Hellion  
  159  13:35  Sensor Tower  
  159  13:38  Hellion  
  161  13:44  Siege Tank  
  161  13:46  Refinery x2  
  161  13:47  Refinery x2  
  161  13:48  Command Center, Hellion  
  161  13:56  Hellion x3  
Show
View Real Time Build Order
Export as new Build Order

JonSnow Zerg 

Build Orders: Pool First, Swarm Host 

Get SALT Encoding   

  12  0:00  Drone  
  13  0:13  Overlord  
  13  0:17  Drone  
  14  0:31  Drone x2  
  16  0:44  Spawning Pool  
  16  0:45  Drone  
  16  0:48  Drone  
  17  1:10  Hatchery  
  16  1:14  Drone  
  17  1:22  Extractor  
  16  1:30  Zergling x6  
  19  1:35  Queen  
  21  1:41  Overlord  
  21  1:55  Drone  
  22  2:02  Drone  
  23  2:10  Queen  
  23  2:14  Drone  
  26  2:22  Drone  
  27  2:30  Queen  
  27  2:34  Drone  
  27  2:35  Drone  
  30  2:42  Metabolic Boost, Drone  
  30  2:49  Drone x3  
  30  2:50  Drone  
  33  2:56  Drone  
  34  2:59  Drone  
  35  3:11  Zergling x2  
  35  3:12  Extractor, Zergling x2  
  36  3:18  Hatchery  
  36  3:29  Overlord  
  36  3:40  Drone  
  36  3:45  Overlord  
  36  3:47  Queen, Drone  
  36  3:48  Drone x5  
  44  3:53  Overlord  
  44  4:02  Overlord x2  
  44  4:04  Extractor  
  44  4:05  Extractor  
  44  4:08  Drone, Roach Warren  
  42  4:14  Overlord  
  42  4:15  Drone  
  42  4:16  Drone  
  44  4:19  Drone  
  44  4:20  Drone  
  46  4:25  Drone x2  
  46  4:26  Drone  
  46  4:30  Drone x2  
  51  4:36  Overlord  
  51  4:45  Zergling x6  
  54  4:54  Drone x2  
  54  4:55  Drone x4  
  54  4:57  Lair  
  60  5:00  Evolution Chamber  
  60  5:03  Drone, Evolution Chamber  
  60  5:06  Drone  
  60  5:09  Drone x2  
  60  5:12  Drone x2  
  64  5:16  Drone  
  65  5:22  Drone  
  65  5:23  Baneling Nest  
  65  5:28  Zerg Melee Weapons Level 1  
  65  5:29  Zerg Ground Armor Level 1  
  65  5:30  Zergling x2  
  65  5:31  Zergling x4  
  68  5:36  Drone x3  
  68  5:37  Drone  
  68  5:39  Overlord  
  68  5:40  Zergling x2  
  73  5:48  Roach x4  
  78  5:51  Zergling x6  
  78  5:56  Queen, Zergling x2  
  83  6:00  Zergling x8  
  86  6:05  Drone  
  86  6:10  Spore Crawler  
  84  6:11  Ravager x2  
  84  6:12  Ravager, Roach  
  84  6:17  Overlord  
  82  6:18  Drone x2  
  84  6:31  Roach x3  
  84  6:32  Drone x3  
  87  6:39  Ravager  
  88  6:41  Drone x3  
  88  6:42  Drone x2  
  88  6:43  Extractor  
  88  6:44  Hydralisk Den  
  87  6:57  Drone x5  
  84  7:02  Zergling x6  
  84  7:07  Zergling x2  
  72  7:12  Drone x2  
  72  7:13  Hatchery  
  69  7:18  Drone  
  69  7:19  Muscular Augments  
  69  7:20  Drone x2  
  70  7:26  Hydralisk x2  
  70  7:27  Hydralisk  
  74  7:32  Zergling x4, Hatchery  
  74  7:35  Zergling x2  
  74  7:36  Zerg Melee Weapons Level 2  
  76  7:38  Zerg Missile Weapons Level 1  
  76  7:43  Hydralisk  
  78  7:50  Hydralisk  
  79  7:52  Overlord x2  
  79  7:53  Drone x2  
  79  7:54  Drone x4  
  79  7:55  Queen, Extractor  
  79  7:56  Extractor  
  79  7:57  Drone  
  86  8:04  Drone  
  88  8:06  Drone  
  89  8:16  Drone x6  
  89  8:17  Drone  
  96  8:21  Zergling x2  
  96  8:22  Hatchery  
  96  8:25  Zergling x6  
  99  8:32  Baneling x3  
  99  8:33  Infestation Pit, Baneling  
  99  8:34  Hydralisk x2  
  98  8:35  Zergling x2  
  98  8:39  Zergling x4  
  105  8:43  Hatchery  
  105  8:45  Zergling x6  
  103  8:51  Drone x2  
  103  8:53  Drone  
  103  8:55  Drone x2  
  105  8:57  Zergling x2  
  105  9:01  Overlord  
  103  9:04  Drone  
  103  9:06  Hydralisk  
  103  9:07  Zergling x2  
  105  9:13  Drone  
  106  9:17  Overlord  
  106  9:28  Swarm Host x2  
  106  9:30  Overlord x4  
  112  9:33  Baneling  
  112  9:34  Centrifical Hooks, Baneling x8  
  112  9:37  Swarm Host x2  
  112  9:38  Swarm Host  
  121  9:43  Zergling x2  
  121  9:45  Overlord  
  122  9:53  Swarm Host x3  
  122  9:55  Zergling x4  
  122  9:57  Hydralisk  
  122  9:58  Zergling x2  
  136  10:01  Zergling x2  
  136  10:05  Zergling x2  
  138  10:09  Hydralisk  
  138  10:10  Hydralisk x2  
  138  10:11  Zergling x10  
  149  10:16  Swarm Host x2  
  149  10:20  Zergling x8  
  158  10:26  Zergling x2  
  159  10:33  Zergling x2  
  159  10:37  Hydralisk  
  160  10:42  Overlord  
  160  10:43  Overlord  
  160  10:45  Baneling  
  160  10:46  Baneling x5  
  130  10:59  Zergling x16  
  130  11:02  Hydralisk x3  
  142  11:05  Hydralisk  
  142  11:11  Overlord x4  
  136  11:21  Baneling x2  
  136  11:22  Baneling x2  
  136  11:25  Hatchery  
  133  11:28  Overlord  
  133  11:30  Swarm Host x2  
  133  11:31  Swarm Host x2  
  145  11:33  Hatchery  
  145  11:39  Overlord  
  144  11:41  Overlord  
  144  11:43  Baneling  
  144  11:44  Baneling x8  
  144  11:54  Overlord  
  144  11:55  Overlord  
  139  12:07  Hydralisk  
  139  12:08  Hydralisk x6  
  119  12:10  Hydralisk  
  119  12:14  Hydralisk  
  121  12:21  Hydralisk x2  
  121  12:22  Zergling x2  
  126  12:29  Zergling x8  
  130  12:36  Zergling x2  
  130  12:37  Zergling x4  
  133  12:40  Zergling x4  
  133  12:41  Zergling x2  
  133  12:42  Baneling  
  133  12:43  Baneling  
  131  12:48  Zergling x6  
  132  12:54  Hydralisk  
  132  12:55  Zergling x2  
  133  13:04  Baneling x3  
  133  13:05  Baneling x2  
  133  13:07  Zergling x2  
  133  13:08  Zergling x6  
  133  13:11  Baneling x4  
  137  13:17  Zergling x2  
  137  13:22  Zergling x4  
  122  13:30  Zergling x10  
  115  13:38  Zergling x6  
  107  13:45  Drone x2  
  106  13:54  Baneling  
  106  13:55  Baneling  
  109  13:58  Zergling x2  
Tags
 
Add a new tag
Caveats
  • Supply blocks, unpowered buildings, or Contaminate may cause inaccurate times.
  • Supply counts are checked every 10 seconds.